[Event "Khanty-Mansiysk FIDE GP (Women)"]
[Site "Khanty-Mansiysk"]
[Date "2014.04.15"]
[Round "6"]
[White "Ushenina, Anna"]
[Black "Muzychuk, Anna"]
[Result "1/2-1/2"]
[ECO "E55"]
[WhiteElo "2501"]
[BlackElo "2560"]
[Annotator "ChessBase Website"]
[PlyCount "121"]
[EventDate "2014.04.09"]
[EventType "tourn"]
[EventRounds "11"]
[EventCountry "RUS"]
[EventCategory "10"]
[SourceTitle "CBM 160"]
[Source "ChessBase"]
[SourceDate "2014.05.15"]
[SourceVersion "1"]
[SourceVersionDate "2014.05.15"]
[SourceQuality "1"]
[TimeControl "40/5400+30:1800+30"]
[WhiteClock "1:30:00"]
[BlackClock "1:30:00"]

1. d4 Nf6 2. c4 e6 3. Nc3 Bb4 4. e3 O-O 5. Bd3 c5 6. Nf3 d5 7. O-O dxc4 8.
Bxc4 Nbd7 9. a3 cxd4 10. axb4 dxc3 11. bxc3 Qc7 12. Be2 Nd5 13. Bb2 (13. Ba3 N7b6 14. Qd4 Qxc3 15. Qg4 Bd7 16. b5
Rfc8 17. Bd6 Nc4 18. Rfc1 Ncxe3 19. Rxc3 Nxg4 20. Rxc8+ Rxc8 21. h3 Nc3 22. Bf1
Nf6 23. Rxa7 Bxb5 24. Rxb7 Bc6 25. Rb8 Rxb8 26. Bxb8 Bxf3 27. gxf3 Ncd5 28. Kh2
Nh5 29. Bb5 Ndf4 30. Bd6 Ng6 31. Bc6 Nh4 32. Be7 f6 33. Bd6 Kf7 34. Bc7 g5 35.
Bb6 h6 36. Ba7 Nf4 37. Bb7 Ne2 38. Bb6 f5 39. Bc7 Kf6 40. Bd8+ Kg6 41. Bc7 Kf7
42. Be5 Ng6 {Potkin,V (2665)-Aleksandrov,A (2604) Nakhchivan 2013 0-1 (64)})
13... Nxc3 14. Qd2 Nxe2+ 15.
Qxe2 b5 $146 (15... Nb6 16. Rfc1 Qd8 17. Rd1
Bd7 18. Ne5 f6 19. Nxd7 Nxd7 20. Qb5 Rf7 21. Qxb7 Rb8 22. Qe4 Qe8 23. h3 Nf8
24. Ra5 Rc7 25. Ba3 Rd8 26. Rxd8 Qxd8 27. Rc5 Rd7 28. b5 Rd1+ 29. Kh2 Ra1 30.
Qb4 Ra2 31. f4 h6 32. Qc3 Kh7 33. Bb2 Qd1 34. Rc7 e5 35. fxe5 Ne6 36. Qc4 Rxb2
37. Qxe6 Rxg2+ 38. Kxg2 Qe2+ 39. Kg3 {1/2-1/2 (39) Korobov,A (2573)-Moiseenko,
A (2643) Moscow 2008}) 16. Qxb5 Rb8 17. Qd3 Rd8 18. Qd4 $14 {[%emt 0:22:28][%csl Gd4,Rg7]
The duel of the Annas was a typical affair for Ushenina. She proved excellent
preparation, obtained a great advantage from the opening, and then spoilt it
by playing inaccurately and she let Muzychuk escape with a draw.} Nf6 19. Qh4 Qe7 20. Bxf6 Qxf6 21. Qxf6 gxf6 22. Nd4 Bd7 23. Rxa7 Rxb4 24. h3 e5 25. Nf3 Be6 26. Rfa1 Rc8 27. Ra8 Rxa8 28. Rxa8+ Kg7 29. Rd8 Rb2 30. Rd2 Rxd2 31. Nxd2 Bd5 32. Kh2 Bc6 33. Kg3 Bd5 34. f3 Kg6 35. Kg4 Be6+ 36. Kh4 Bd5 37. e4 Be6 38. g4 Bd7 39.
Nc4 Bb5 40. Nd6 Bd7 41. Kg3 Be6 42. Ne8 Bd7 43. Nc7 Bc6 44.
Kh4 Ba4 45. Nd5 Bd1 46. Kg3 Bb3 47. Ne7+ Kg7 48. h4 Kf8 49. Nc6 Kg7 50. Ne7 Kf8 51. Nf5 Be6 52. Ne3 Kg7 53. h5 Bd7 54. Kf2 Be6 55. Nd5 Bd7 56. Ke3 Ba4 57. Ne7 Bd7 58. Kd3 Bb5+ 59. Ke3 Bd7 60. Kd3 Bb5+ 61. Ke3 1/2-1/2

[Event "Match/Team URS-World 20,5-19,5"]
[Site "Belgrade"]
[Date "1970.03.31"]
[Round "2.3"]
[White "Portisch, Lajos"]
[Black "Kortschnoj, Viktor Lvovich"]
[Result "1/2-1/2"]
[ECO "E55"]
[WhiteElo "2630"]
[BlackElo "2670"]
[Annotator "Portisch/Kortchnoi"]
[PlyCount "62"]
[EventDate "1970.03.29"]
[EventType "team"]
[EventRounds "4"]
[EventCountry "YUG"]
[SourceTitle "MCL"]
[Source "ChessBase"]
[SourceDate "1999.07.01"]
[SourceVersion "1"]
[SourceVersionDate "1999.07.01"]
[SourceQuality "1"]
[WhiteTeam "World"]
[BlackTeam "Soviet Union"]
[BlackTeamCountry "URS"]
[TimeControl "40/9000:16/5400:0"]

1. d4 Nf6 2. c4 e6 3. Nc3 Bb4 4. e3 O-O 5. Bd3 d5 6. Nf3 c5 7. O-O dxc4 8. Bxc4
Nbd7 9. Qb3 $5 {P/K} (9. Qc2 {Portisch=:P/Kortschnoj=:K}) 9... a6 (9... cxd4
10. exd4 (10. Qxb4 dxc3 11. Qxc3 b6) 10... Bxc3 11. bxc3 b6 {K}) 10. a4 Ba5 $5
{P} (10... Nb6 {P}) (10... Qe7 11. Rd1 Rd8 {/\ 12... Nf8 K}) (10... b6 11. Rd1
Bb7 12. d5 b5 13. axb5 axb5 14. Rxa8 Bxa8 15. Bxb5 exd5 16. Bd2 Qe7 {1/2-1/2 
(16) Petrosian,T-Ivkov,B Zagreb 1965}) 11. Rd1 cxd4 $146 (11... Qe7 12. Bd2 Bc7
13. a5 b5 14. axb6 Nxb6 15. Na4 Nxa4 16. Rxa4 Bb7 17. Be2 Be4 18. Be1 Bd5 19.
Bc4 Rfb8 20. Qc2 Bb7 21. Be2 Bd5 22. Bc4 {1/2-1/2 (22) Roizman,A-Antoshin,V
Leningrad 1962}) 12. exd4 Qb6 $1 {P} (12... Nb6 $6 13. Ne5 $1 $16 {P} (13. Bg5
{K})) 13. Qc2 Qc7 14. Bd3 (14. Qe2 Bxc3 15. bxc3 Nb6 16. Bd3 Nbd5 $1 {/\ Nc3,
Nf4 K}) 14... h6 $6 {P} (14... b6 $1 {K} 15. d5 $5 (15. Qe2 Bxc3 16. bxc3 Qxc3
$13) 15... Bxc3 (15... exd5 16. Nxd5 $16) 16. dxe6 Be5 (16... Ne5 17. exf7+ $13
) 17. exd7 Bxd7 $10 {P}) 15. Bd2 {/\ 16.Qc1 K} Bb4 (15... b6 $5 {P} 16. Rab1
Bb4 17. Qb3 {P}) 16. Qb3 $1 {P} (16. Qc1 Re8 $1 {K}) (16. Rac1 Qa5 {P}) 16...
Bd6 (16... Qa5 $6 17. Bf4 $1 {/\ Ne5 P}) 17. Rac1 Qd8 18. Bb1 b6 19. Ne5 $1 {K}
(19. Ne4 $5 {K} Nxe4 20. Bxe4 Ra7 $1 21. Ne5 Bxe5 22. dxe5 Nc5 23. Qe3 Nxe4 (
23... Rd7 24. Bc2 $16) 24. Qxe4 Qd5 $1 25. Qxd5 exd5 26. Be3 $14 {^- P} (26.
Bb4)) 19... Bb7 (19... Nxe5 $6 {P} 20. dxe5 Bxe5 21. Bxh6 Qc7 22. Be3 $16 {P/K}
) 20. Bf4 Qe7 21. Re1 {/\ 22.Ng6! P fg 23.Re6! K} Rfe8 22. Qc2 Rac8 (22... Nf8
23. Qd2 {/\ Re1-e3-g3 K}) 23. Nxd7 (23. Qd3 Nf8 {P}) 23... Qxd7 $2 {K} (23...
Bxf4 {!? P ! K} 24. Nxf6+ Qxf6 25. Qh7+ (25. Nd5 Bxh2+ 26. Kh1 Bxd5 27. Qxc8
Kf8 {K}) 25... Kf8 26. Nd5 {!? P ! K} Bxd5 27. Rxc8 Rxc8 28. Qh8+ Ke7 29. Qxc8
Qxd4 $13 {P/K}) 24. Be5 Qd8 $2 {K} (24... Be7 25. d5 $1 Rxc3 {K}) 25. Bxf6 Qxf6
26. Qh7+ Kf8 27. d5 $2 {P/K} (27. Be4 $1 Bxe4 28. Nxe4 Rxc1 29. Qh8+ Ke7 30.
Qxe8+ Kxe8 31. Nxf6+ $18 {P/K}) (27. Nd5 $2 Bxd5 28. Rxc8 Rxc8 29. Qh8+ Ke7 30.
Qxc8 Qf4 $1 $17 {P}) 27... Ke7 $1 {P} (27... Rxc3 {K}) 28. Rcd1 (28. dxe6 $142
{K} fxe6 29. Be4 $1 {P/K} Bxe4 (29... Rh8 $2 30. Bxb7 Rxh7 31. Nd5+ Kf7 32.
Nxf6 Rxc1 33. Rxc1 Kxf6 34. Rc6 $16 {P}) 30. Qxe4 Kf8 31. Qb7 Qf4 $1 32. g3 Qb4
$1 $10 {P}) (28. Ba2 {K}) 28... Rh8 29. Qd3 Rhd8 $1 {P} 30. Qe2 Bc5 31. Ba2 (
31. dxe6 $5 Rxd1 32. exf7+ Kxf7 $44 {^^ P}) 31... Kf8 (31... Kf8 32. Ne4 Qe5
$10 {P}) 1/2-1/2